 Dungeon Crawl Stone Soup version 0.31-a0-981-geadf994542 (webtiles) character file.

Game seed: 8224668579880814037

1451 slavik159 the Fighter (level 8, -5/78 HPs)
             Began as a Minotaur Monk on Oct 31, 2023.
             Killed from afar by a larval shockfire beast (12 damage)
             ... with a living lightning
             ... on level 7 of the Dungeon.
             The game lasted 00:08:53 (6773 turns).

slavik159 the Fighter (Minotaur Monk)               Turns: 6773, Time: 00:08:55

Health: -5/78      AC: 12    Str: 18    XL:     8   Next: 47%
Magic:  7/7        EV:  9    Int:  7    God:
Gold:   388        SH:  0    Dex: 13    Spells: 7/7 levels left

rFire   . . .        g - +1 flail (protect)
rCold   . . .        d - orb {light}
rNeg    . . .        h - +0 chain mail
rPois   .            (helmet restricted)
rElec   .            (no cloak)
rCorr   .            A - +0 pair of gloves
SInv    .            b - +0 pair of boots
Will    .....        (no amulet) Stlth
                     (no ring)
HPRegen 0.33/turn    (no ring)
MPRegen 0.10/turn

%: no passive effects
@: lethally poisoned (-5 -> -11), glowing
A: horns 2, retaliatory headbutt
a: no special abilities


You were on level 7 of the Dungeon.
You visited 2 branches of the dungeon, and saw 8 of its levels.

You collected 388 gold pieces.

Inventory:

Hand Weapons
 g - a +1 flail of protection (weapon)
 r - a +0 broad axe
 y - a +2 morningstar of holy wrath
Missiles
 w - 4 javelins
Armour
 b - a +0 pair of boots (worn)
 d - an orb of light (worn)
 h - a +0 chain mail (worn)
 A - a +0 pair of gloves (worn)
Jewellery
 z - a ring of magical power
 C - a +4 ring of protection
Wands
 s - a wand of polymorph (13)
 t - a wand of mindburst (23)
 v - a wand of paralysis (23)
Scrolls
 a - 2 scrolls of enchant weapon
 e - 2 scrolls of poison {unknown}
 k - 2 scrolls of amnesia
 l - 12 scrolls of identify
 n - 3 scrolls of noise
 x - 4 scrolls of fog {unknown}
 B - a scroll of enchant armour {unknown}
Potions
 c - a potion of ambrosia
 f - 2 potions of haste {unknown}
 i - 2 potions of degeneration {unknown}
 j - a potion of magic {unknown}
 m - 3 potions of lignification {unknown}
 o - a potion of might {unknown}
 p - a potion of invisibility {unknown}
 q - 2 potions of enlightenment {unknown}
 u - a potion of heal wounds {unknown}
 D - a potion of curing {unknown}


   Skills:
 * Level 9.4 Fighting
 + Level 7.0(7.3) Axes
 + Level 3.0(5.4) Maces & Flails
 + Level 5.9 Armour
 - Level 3.2 Dodging


You had 7 spell levels left.
You didn't know any spells.
Your spell library contained the following spells:

 Spells                   Type           Power      Damage    Failure   Level
 Necrotise                Necr           0%         1d4       98%         1
 Dazzling Flash           Conj/Hex       0%         N/A       100%        3
 Vampiric Draining        Necr           0%         2d6       100%        3
 Volatile Blastmotes      Fire/Tloc      0%         2d10      100%        3
 Animate Armour           Summ/Erth      0%         N/A       100%        4
 Fulminant Prism          Conj/Hex       0%         3d5       100%        4
 Iskenderun's Mystic Bla  Conj/Tloc      0%         2d3       100%        4
 Summon Lightning Spire   Summ/Air       0%         N/A       100%        4
 Agony                    Necr           0%         N/A       100%        5
 Lee's Rapid Deconstruct  Erth           0%         3d4*      100%        5
 Starburst                Conj/Fire      0%         6d3       100%        6
 Maxwell's Capacitive Co  Air            0%         ∞         100%        8


Dungeon Overview and Level Annotations

Branches:
Dungeon (7/15)             Temple (1/1) D:6

Altars:
Cheibriados
Elyvilon
Fedhas
Gozag
Hepliaklqana
Kikubaaqudgha
Makhleb
Nemelex Xobeh
Qazlal
Ru
Sif Muna
Trog
Uskayaw
Vehumet
Wu Jian
Xom
Yredelemnul
Zin
The Shining One


Innate Abilities, Weirdness & Mutations

You have a pair of horns on your head.
You reflexively headbutt those who attack you in melee.


Message History

You hear an angry squeal.
The larval shockfire beast bursts into living lightning!
The living lightning hits you!
The larval shockfire beast blinks! x2
A larval batsting beast comes into view.
The larval batsting beast barks!
You hit the larval shockfire beast.
Your weapon exudes an aura of protection.
The larval shockfire beast is lightly wounded.
You hear a shout!
A juvenile fireshock beast comes into view.
An orc comes into view. It is wielding a +0 dagger.
A larval shockox beast comes into view.
The larval shockfire beast hits you.
The larval shockfire beast bursts into living lightning!
The living lightning hits you!
The larval shockfire beast blinks! x2
The larval shockfire beast breathes flames at you.
The blast of flame hits you but does no damage.
The larval shockfire beast bursts into living lightning!
The living lightning misses you.
The larval shockfire beast blinks!
The larval shockfire beast bursts into living lightning!
The living lightning hits you!
The larval shockfire beast blinks!
The sky beast flickers out of sight!
Deactivating autopickup; reactivate with Ctrl-A.
The larval shockfire beast breathes flames at you.
The blast of flame hits you!
The larval shockfire beast bursts into living lightning!
The living lightning misses you.
The larval shockfire beast blinks! x2
Found a box of beasts.
The larval shockfire beast bursts into living lightning!
The living lightning hits you!!
* * * LOW HITPOINT WARNING * * *
The larval shockfire beast blinks!
An orc comes into view. It is wielding a +0 whip.
The larval batsting beast stings you from afar.
* * * LOW HITPOINT WARNING * * *
You are poisoned.
The larval batsting beast poisons you!
The larval shockfire beast bursts into living lightning!
The living lightning hits you!
You die...

.......#.# ...#
#......###.# #..#
#..........# #..#
###..#.##### #))#
#..#.# #####<)##
#.#####..#.###....)).#
#........#........####
######...#####.####
##.....## #@H..##..
##.......###........
#............#H.....
+.........§.##..#..#
#.........### .#....
##........## .....
##........# ...}
##...##.## #....o
#..###.# ....o


You could see 2 mutant beasts and an orc (wandering).

Vanquished Creatures
  Eustachio (D:6)
  Edmund (D:5)
  A sky beast (D:7)
  An ice beast (D:5)
  An ogre (D:5)
  A centaur (D:5)
  A kobold brigand (D:6)
  2 scorpions (D:5)
  2 hounds
  A gnoll bouda (D:6)
  2 orc priests (D:4)
  Natasha (thrice) (D:3)
  2 orc wizards
  Robin (D:3)
  15 gnolls
  4 adders
  A shadow imp (D:5)
  A white imp (D:5)
  A worm (D:2)
  5 dart slugs
  31 orcs
  7 ball pythons
  7 bats
  8 endoplasms
  5 giant cockroaches
  18 goblins
  9 hobgoblins
  4 jackals (D:1)
  3 quokkas
  18 kobolds
  8 rats
165 creatures vanquished.

Notes
Turn   | Place    | Note
-------+----------+-------------------------------------------
     0 | D:1      | slavik159 the Minotaur Monk began the quest for the Orb.
     0 | D:1      | Reached XP level 1. HP: 19/19 MP: 0/0
   187 | D:1      | Reached skill level 4 in Fighting
   208 | D:1      | Reached XP level 2. HP: 24/27 MP: 1/1
   212 | D:1      | Reached skill level 1 in Armour
   420 | D:1      | Found a faded altar of an unknown god.
  1063 | D:2      | Reached XP level 3. HP: 34/34 MP: 2/2
  1866 | D:3      | Noticed Robin
  1879 | D:3      | Reached skill level 5 in Fighting
  1881 | D:3      | Killed Robin
  1882 | D:3      | Reached XP level 4. HP: 37/42 MP: 3/3
  1918 | D:3      | Noticed Natasha
  1924 | D:3      | Killed Natasha
  2023 | D:3      | Noticed Natasha
  2033 | D:3      | Killed Natasha
  2062 | D:3      | Reached XP level 5. HP: 42/48 MP: 4/4
  2933 | D:3      | Reached skill level 6 in Fighting
  3134 | D:3      | Noticed Natasha
  3140 | D:3      | Killed Natasha
  3752 | D:4      | Reached skill level 5 in Axes
  3752 | D:4      | Reached XP level 6. HP: 58/58 MP: 5/5
  4172 | D:5      | Entered Level 5 of the Dungeon
  4221 | D:5      | Reached skill level 7 in Fighting
  4298 | D:5      | Noticed Edmund
  4323 | D:5      | Noticed an ice beast
  4327 | D:5      | HP: 3/60 [spore (52)]
  4327 | D:5      | Killed an ice beast
  4328 | D:5      | Reached XP level 7. HP: 3/66 MP: 6/6
  4840 | D:5      | Found a snail-covered altar of Cheibriados.
  5010 | D:5      | Reached skill level 8 in Fighting
  5474 | D:5      | Killed Edmund
  5475 | D:5      | Reached skill level 1 in Maces & Flails
  5475 | D:5      | Reached skill level 5 in Armour
  5608 | D:6      | Reached XP level 8. HP: 68/75 MP: 7/7
  5737 | D:6      | Noticed Eustachio
  5747 | D:6      | Killed Eustachio
  5841 | D:6      | Reached skill level 9 in Fighting
  6501 | D:6      | Found a staircase to the Ecumenical Temple.
  6659 | Temple   | Entered the Ecumenical Temple
  6763 | D:7      | Noticed a juvenile fireshock beast
  6773 | D:7      | Killed from afar by a larval shockfire beast

Illustrated notes

Levels and vault maps discovered:
D:1:      mainiacjoe_arrival_reflecting_pool, layout_basic,
          ebering_ecumenical_altar_rust, chequers_serial_rivers_small_3,
          minmay_tetromino_s4
D:2:      layout_loops_ring, ebering_dispersal_statue_hall, corexii_corridor_pit
D:3:      layout_loops_corners, uniq_natasha, uniq_robin
D:4:      layout_rooms
D:5:      layout_loops_ring, mainiacjoe_overflow_paths,
          nicolae_ossuary_entry_false_entrances, uniq_edmund
D:6:      corexii_shantytown, layout_loops_ring, minmay_temple_entry_fiery,
          uniq_eustachio
D:7:      layout_loops_corners, nicolae_beast_mode
Temple:   mainiacjoe_temple_bowtie_tessellation

Skill      XL: |  1  2  3  4  5  6  7  8 |
---------------+-------------------------+-----
Fighting       | 4 5 6 7 8 9 |  9.4
Armour         | 1 2 3 4 5 |  5.9
Axes           | 4 5 6 7 |  7.0
Maces & Flails | 1 3 |  3.0
Dodging        | |  3.2

Action                     |  1- 3 |  4- 6 |  7- 9 || total
---------------------------+-------+-------+-------++-------
  Melee: Hand axe          |    81 |    49 |       ||   130
         Headbutt          |    16 |    15 |    37 ||    68
         Broad axe         |       |    55 |    28 ||    83
         Flail             |       |       |   101 ||   101
    Use: Scroll            |       |     6 |       ||     6
 Armour: Robe              |     3 |       |       ||     3
         Leather armour    |    20 |       |       ||    20
         Chain mail        |    37 |   102 |    97 ||   236
  Dodge: Dodged            |    25 |    40 |    58 ||   123

Table legend: (Time is in decaauts)
 A = Elapsed time spent in this place.
 B = Non-inter-level travel time spent in this place.
 C = Inter-level travel time spent in this place.
 D = Time resting spent in this place.
 E = Time spent auto-exploring this place.
 F = Levels seen in this place.
 G = Mean time per level.
                   A        B        C        D        E       F      G
               +--------+--------+--------+--------+--------+-----+--------+
         Total |   6834 |   6500 |    334 |    672 |   4855 |   8 |  854.2 |
       Dungeon |   6832 |   6498 |    334 |    672 |   4855 |   7 |  976.0 |
        Temple |      1 |      1 |      0 |      0 |      0 |   1 |    1.0 |
               +--------+--------+--------+--------+--------+-----+--------+

Top non-repeatable levels by time:
     D:3: 1850 daAuts
     D:6: 1130 daAuts
     D:5: 1110 daAuts
     D:1: 1063 daAuts
     D:2: 818 daAuts
     D:4: 770 daAuts
     D:7: 88 daAuts
  Temple: 1 daAuts
